Map: Persephone LE

Players

Xstar

  • Race: Terran Terran
  • League: Silver
  • Spawn Location: 7:00

Sindyr - Winner!

  • Race: Zerg Zerg
  • League: Master
  • Spawn Location: 11:00

VOD

Have the link to the VOD?

Description

Time

  • Played on: Oct. 13, 2025, 11:13 a.m.
  • Length: 26:07
Show
View Real Time Build Order
Export as new Build Order

Xstar Terran 

Build Orders:  

Get SALT Encoding   

  12  0:15  SCV  
  13  0:53  SCV  
  13  0:56  Command Center  
  14  0:57  Supply Depot  
  14  1:05  SCV  
  15  1:25  Barracks  
  15  1:28  SCV  
  15  1:29  Barracks  
  16  1:43  SCV  
  17  1:53  Refinery  
  17  1:55  SCV  
  18  2:03  Engineering Bay  
  18  2:07  SCV  
  19  2:10  SCV  
  19  2:14  Refinery  
  20  2:19  Marine, SCV  
  20  2:21  Marine  
  20  2:22  SCV  
  24  2:31  SCV  
  25  2:38  Supply Depot  
  25  2:43  SCV  
  26  2:47  Barracks Tech Lab  
  26  2:48  Bunker  
  26  2:50  Marine  
  27  2:55  SCV  
  28  2:58  Orbital Command  
  28  3:07  Missile Turret, Marine  
  28  3:10  Barracks Reactor  
  29  3:15  SCV  
  30  3:24  Bunker  
  30  3:25  Marine  
  30  3:27  SCV  
  32  3:29  Refinery  
  32  3:33  SCV  
  33  3:39  SCV  
  34  3:43  Marine  
  34  3:45  SCV  
  34  3:46  Missile Turret  
  36  3:54  Hi-Sec Auto Tracking  
  36  3:55  Marine x2  
  38  4:00  SCV  
  38  4:01  Marine  
  40  4:05  Orbital Command  
  40  4:11  Missile Turret  
  40  4:12  SCV  
  40  4:13  Marine  
  40  4:14  Marine  
  43  4:19  Marine, Combat Shield  
  44  4:31  Marine x2  
  44  4:33  Missile Turret  
  46  4:43  Supply Depot  
  46  4:45  Marine, SCV x2  
  47  4:49  Marine  
  47  4:51  Terran Infantry Weapons Level 1  
  50  4:57  SCV  
  51  5:01  Factory  
  51  5:05  SCV  
  51  5:06  Supply Depot  
  52  5:10  SCV  
  53  5:14  Refinery  
  53  5:17  SCV  
  53  5:18  Missile Turret  
  54  5:22  SCV  
  55  5:29  SCV  
  55  5:30  Marauder, Marine x2  
  55  5:34  SCV  
  61  5:38  Concussive Shells  
  61  5:39  Missile Turret  
  61  5:47  Factory Tech Lab  
  61  5:48  Missile Turret  
  61  5:52  Missile Turret  
  61  6:01  SCV  
  61  6:02  Missile Turret  
  62  6:08  Siege Tank  
  62  6:11  Missile Turret  
  65  6:12  Barracks  
  65  6:13  SCV  
  66  6:18  Infernal Pre-Igniter  
  66  6:21  Stimpack  
  66  6:25  SCV  
  67  6:32  Missile Turret  
  67  6:39  SCV  
  68  6:41  Hellion  
  68  6:45  Terran Infantry Armor Level 1  
  70  6:57  Command Center  
  70  6:58  Missile Turret  
  70  7:04  SCV, Hellion  
  73  7:09  Supply Depot  
  73  7:16  Marine, Marauder  
  73  7:17  Marine  
  77  7:25  Siege Tank  
  77  7:29  Bunker  
  80  7:31  Barracks Tech Lab, Supply Depot  
  80  7:34  Marine x2  
  82  7:38  Marauder  
  82  7:43  Starport  
  84  7:48  SCV  
  85  7:54  Supply Depot  
  85  7:58  Siege Tank, Marauder  
  90  7:59  Marauder  
  90  8:00  Refinery, SCV, Bunker  
  90  8:03  Refinery  
  94  8:12  SCV  
  94  8:14  Planetary Fortress  
  94  8:18  Missile Turret  
  96  8:20  Marauder  
  96  8:21  Starport, Marauder  
  96  8:22  Bunker  
  96  8:25  SCV  
  99  8:30  Hellion  
  99  8:31  Marine  
  102  8:37  SCV  
  102  8:38  Missile Turret  
  102  8:39  Neosteel Armor  
  102  8:41  Missile Turret, Marauder  
  105  8:42  Marauder  
  105  8:43  SCV  
  108  8:49  SCV  
  108  8:51  Hellion  
  108  8:54  Starport Tech Lab  
  112  8:55  SCV, Bunker  
  112  8:58  Starport Reactor  
  112  9:01  SCV, Missile Turret  
  113  9:04  Missile Turret  
  113  9:05  Armory  
  113  9:07  SCV  
  114  9:10  Fusion Core  
  114  9:13  Marauder x2, Marine  
  114  9:14  Marine  
  120  9:18  Supply Depot  
  120  9:31  Marine x2  
  120  9:35  Marauder  
  124  9:38  Missile Turret  
  124  9:42  Supply Depot  
  124  9:50  Missile Turret  
  124  9:52  Missile Turret  
  124  9:59  Missile Turret  
  124  10:00  SCV  
  124  10:04  Caduceus Reactor, Raven  
  124  10:05  Medivac, Viking  
  131  10:10  Terran Vehicle Weapons Level 1  
  131  10:12  SCV  
  132  10:18  Mag-Field Accelerator  
  132  10:22  Hellbat, Factory  
  132  10:24  SCV  
  135  10:35  Viking x2  
  137  10:37  SCV  
  137  10:38  Viking  
  137  10:41  Cloaking Field  
  142  10:43  Hellbat  
  142  10:48  Terran Infantry Weapons Level 2  
  142  10:49  SCV, Starport  
  145  11:00  Advanced Ballistics  
  145  11:01  SCV  
  146  11:05  Hellbat  
  148  11:18  Hyperflight Rotors  
  148  11:19  Command Center  
  148  11:28  Starport Tech Lab  
  148  11:30  Missile Turret  
  148  11:35  Battlecruiser  
  148  11:36  Hellbat  
  148  11:39  Supply Depot  
  156  11:51  Starport  
  156  11:52  Missile Turret, Interference Matrix  
  156  11:56  Liberator  
  156  11:57  Hellbat, Liberator  
  156  12:00  Viking  
  166  12:04  Terran Ship Weapons Level 1  
  166  12:11  Refinery  
  166  12:12  Missile Turret  
  166  12:14  Bunker  
  166  12:28  Starport Tech Lab  
  166  12:30  Viking  
  166  12:33  Factory Tech Lab, Refinery, Missile Turret  
  168  12:37  Starport  
  168  12:39  Viking  
  168  12:40  Battlecruiser  
  168  12:41  Planetary Fortress  
  176  12:47  Viking  
  176  12:48  Missile Turret  
  178  12:51  Viking  
  178  12:56  Missile Turret  
  180  13:00  Banshee  
  180  13:04  Terran Infantry Armor Level 2  
  183  13:08  Missile Turret  
  183  13:12  Siege Tank  
  186  13:14  Starport Reactor  
  186  13:19  SCV  
  187  13:32  SCV  
  188  13:43  Banshee  
  188  13:44  SCV  
  158  13:56  SCV  
  158  13:58  Terran Vehicle And Ship Armor Level 1  
  158  14:00  Thor  
  158  14:01  Thor  
  140  14:03  Viking x2  
  140  14:04  Viking x3  
  140  14:07  Marine x4  
  140  14:08  SCV  
  131  14:25  Marine x4  
  129  14:42  Marine  
  129  14:43  Marine x3, Siege Tank  
  129  14:44  Siege Tank  
  139  14:52  Battlecruiser x2  
  151  14:54  Raven  
  151  14:55  Viking x2  
  157  15:00  Marine x2  
  157  15:01  Marine x2  
  161  15:18  SCV, Marine x2  
  164  15:23  Medivac  
  164  15:26  Viking x2  
  164  15:28  Banshee  
  173  15:30  SCV  
  174  15:37  Marauder x2  
  178  15:43  SCV  
  178  15:44  Missile Turret  
  178  15:47  Command Center  
  179  15:52  Terran Vehicle Weapons Level 2  
  179  15:53  Marine x2  
  179  15:56  Thor, Banshee, Raven  
  195  15:57  Siege Tank  
  195  16:05  Missile Turret  
  195  16:08  Weapon Refit  
  195  16:10  Marauder x2  
  195  16:11  Marine  
  200  16:16  Smart Servos  
  200  16:26  Missile Turret  
  200  16:47  Refinery  
  200  16:48  Refinery  
  153  17:33  Battlecruiser x2, Viking x5  
  153  17:35  Drilling Claws  
  149  18:01  Planetary Fortress  
  149  18:03  Viking x5  
  149  18:04  Refinery  
  159  18:08  Terran Vehicle And Ship Armor Level 2  
  159  18:09  Missile Turret  
  159  18:16  Thor  
  159  18:17  Siege Tank  
  168  18:29  Missile Turret  
  168  18:33  Viking x5  
  178  18:37  Viking x2  
  178  18:38  SCV  
  183  18:49  Hellbat  
  183  18:50  SCV  
  183  18:51  Missile Turret  
  186  18:59  Hellbat  
  186  19:02  SCV  
  189  19:06  Command Center  
  189  19:11  Hellbat  
  189  19:13  Missile Turret  
  189  19:14  SCV  
  182  19:21  Hellbat  
  145  19:32  Hellbat  
  145  19:33  Missile Turret  
  114  19:42  Hellbat  
  105  19:49  Banshee x2  
  105  19:50  Banshee, Viking  
  105  19:51  Viking  
  108  19:53  Hellbat  
  108  19:54  Missile Turret  
  107  20:03  Hellbat  
  106  20:14  Thor  
  106  20:19  Marine x4  
  116  20:23  Terran Ship Weapons Level 2  
  116  20:24  Thor  
  122  20:32  Banshee x2  
  122  20:33  Raven  
  128  20:37  Marine x4  
  106  20:54  Marine x2  
  106  20:55  Marine x2  
  110  20:57  Thor  
  112  21:07  Siege Tank  
  102  21:12  Marine x2  
  104  21:21  Marauder x2  
  103  21:30  Marine x2  
  102  21:39  Siege Tank  
  99  21:40  Siege Tank  
  99  21:42  Marauder x2  
  106  21:48  Marine  
  98  22:04  Marauder x2  
  86  22:11  Marine x2, Thor  
  86  22:12  Thor  
  85  22:25  Marauder x2  
  85  22:29  Marine x2  
  79  22:40  Viking x5  
  79  22:41  Viking x2  
  87  22:46  Marine x2  
  87  22:47  Marine x2  
  91  22:55  Hellbat x2  
  93  23:04  Marine x3  
  93  23:05  Marine  
  91  23:10  Viking x3  
  89  23:16  Hellbat  
  89  23:17  Hellbat  
  93  23:21  Marine  
  93  23:22  Marine x3  
  93  23:23  Missile Turret  
  97  23:32  Planetary Fortress  
  97  23:37  Hellbat  
  97  23:38  Missile Turret, Hellbat  
  97  23:39  Refinery, Marine x2  
  103  23:41  Refinery  
  103  23:42  Viking  
  103  23:43  Medivac  
  103  23:44  Missile Turret  
  107  23:59  Missile Turret, Raven  
  109  24:04  Bunker  
  109  24:14  Marine x4  
  113  24:19  Missile Turret  
  98  24:32  Marine x4  
  50  24:50  Marine x4  
  44  25:07  Marine  
  44  25:08  Marine x3  
  37  25:26  Marine x2  
  39  25:43  Hellbat  
Show
View Real Time Build Order
Export as new Build Order

Sindyr Zerg - Winner!

Build Orders: Pool First 

Get SALT Encoding   

  12  0:01  Drone  
  13  0:08  Drone  
  14  0:16  Overlord  
  14  0:34  Extractor  
  14  0:35  Drone x3  
  16  0:50  Spawning Pool  
  16  0:51  Drone  
  16  0:57  Drone  
  17  1:19  Hatchery  
  17  1:23  Drone  
  17  1:26  Drone  
  18  1:33  Extractor  
  17  1:52  Zergling x6  
  20  1:59  Queen  
  22  2:03  Overlord  
  22  2:31  Queen  
  22  2:35  Queen  
  26  2:38  Drone  
  26  2:39  Drone  
  26  2:41  Drone  
  29  2:45  Drone  
  30  2:54  Drone  
  30  2:55  Drone  
  32  3:02  Overlord  
  32  3:07  Drone  
  32  3:09  Drone  
  34  3:20  Queen  
  36  3:31  Queen  
  38  3:34  Drone  
  38  3:36  Drone  
  40  3:42  Metabolic Boost  
  40  3:47  Overlord  
  40  3:52  Overlord  
  40  4:18  Drone  
  40  4:19  Drone x6  
  40  4:20  Drone x3  
  50  4:32  Hatchery  
  50  4:38  Extractor  
  48  4:39  Extractor  
  48  4:41  Lair  
  47  4:47  Drone x3  
  50  4:54  Overlord  
  50  5:20  Hatchery  
  49  5:24  Evolution Chamber  
  49  5:26  Evolution Chamber  
  47  5:28  Drone  
  47  5:29  Drone x4  
  47  5:30  Roach Warren  
  51  5:45  Drone x4  
  51  5:46  Drone x5  
  60  5:55  Zerg Missile Weapons Level 1, Zerg Ground Armor Level 1  
  60  6:02  Queen  
  62  6:14  Overlord x2  
  62  6:31  Drone  
  62  6:32  Drone x11  
  74  6:33  Drone  
  74  6:35  Overseer  
  75  6:43  Hydralisk Den  
  74  6:51  Queen  
  77  6:54  Drone x3  
  79  7:04  Extractor  
  79  7:06  Extractor  
  77  7:14  Drone x4  
  77  7:15  Drone x7  
  88  7:19  Overlord x3  
  88  7:29  Baneling Nest  
  87  7:34  Drone  
  88  7:37  Drone x2  
  88  7:38  Drone  
  91  7:50  Infestation Pit  
  90  7:54  Extractor  
  90  7:55  Zerg Missile Weapons Level 2, Zerg Ground Armor Level 2  
  89  7:59  Muscular Augments  
  89  8:14  Centrifugal Hooks  
  89  8:15  Overlord x2  
  89  8:17  Drone x2  
  91  8:21  Drone  
  91  8:24  Overseer  
  92  8:39  Extractor  
  91  8:44  Hive  
  91  8:55  Hatchery  
  90  9:03  Grooved Spines  
  90  9:29  Glial Reconstitution  
  90  9:39  Lurker Den  
  90  9:40  Pneumatized Carapace  
  89  10:11  Zerg Missile Weapons Level 3, Zerg Ground Armor Level 3  
  89  10:22  Queen  
  91  10:47  Tunneling Claws  
  91  11:01  Adaptive Talons  
  91  11:25  Burrow  
  91  11:41  Neural Parasite  
  91  11:58  Seismic Spines  
  91  12:09  Unknown  
  91  12:17  Overlord x7  
  91  12:18  Overlord x6  
  91  12:19  Overlord x5  
  91  12:48  Zerg Melee Weapons Level 1  
  91  12:49  Hydralisk x7  
  91  12:50  Hydralisk x6, Roach x8  
  91  12:51  Roach x7, Hydralisk x7  
  145  12:52  Roach x8, Hydralisk x6  
  145  12:53  Hydralisk, Roach x4  
  199  13:00  Microbial Shroud  
  199  13:28  Spire  
  199  13:34  Hatchery  
  172  14:21  Hydralisk x7, Roach x2  
  172  14:22  Hydralisk x6, Roach x6  
  172  14:23  Roach x5  
  172  14:43  Overseer  
  172  15:02  Zerg Melee Weapons Level 2  
  172  15:16  Drone  
  172  15:19  Hydralisk  
  172  15:20  Hydralisk x12  
  172  15:21  Hydralisk, Extractor  
  199  15:23  Extractor  
  199  15:25  Extractor  
  198  15:50  Lurker x2  
  163  17:25  Zergling x2, Hydralisk  
  163  17:26  Hydralisk x7, Roach x3  
  163  17:27  Roach x8, Hydralisk x8  
  163  17:28  Roach x7, Hydralisk x4  
  163  17:29  Hydralisk x2  
  196  17:30  Roach, Hydralisk  
  196  17:31  Roach, Hydralisk  
  196  17:32  Hydralisk, Roach  
  196  17:33  Roach  
  179  18:14  Lurker x3  
  179  18:15  Lurker x6  
  179  18:16  Lurker x2  
  179  18:17  Hydralisk  
  179  18:18  Hydralisk x4  
  200  18:38  Extractor  
  192  19:28  Hydralisk x13  
  192  19:29  Hydralisk x2  
  192  19:30  Hydralisk, Roach  
  192  19:31  Hydralisk x2  
  200  19:32  Hydralisk  
  200  19:33  Roach x2  
  150  20:03  Roach  
  150  20:05  Mutalisk  
  150  20:06  Mutalisk x25  
  150  20:07  Mutalisk  
  197  20:17  Zerg Melee Weapons Level 3  
  197  20:18  Zerg Flyer Weapons Level 1  
  197  20:19  Overseer  
  197  20:20  Overseer x2  
  197  20:21  Overlord x4  
  151  21:11  Mutalisk, Hydralisk x6  
  151  21:12  Hydralisk x17, Mutalisk  
  151  21:14  Mutalisk  
  183  21:36  Mutalisk  
  183  21:37  Mutalisk x16  
  183  21:38  Mutalisk x3  
  198  21:43  Zergling x32  
  198  21:46  Adrenal Glands  
  176  22:06  Mutalisk x11  
  176  22:07  Mutalisk x5  
  190  22:08  Mutalisk  
  190  22:12  Zerg Flyer Armor Level 1  
  184  22:16  Mutalisk  
  175  22:34  Zergling x2, Roach  
  175  22:35  Roach x13, Zergling x2  
  170  23:03  Zergling x14  
  170  23:04  Zergling x18  
  148  23:35  Hydralisk x6  
  148  23:36  Hydralisk x11  
  172  24:30  Hatchery  
  137  24:40  Hydralisk  
  137  24:41  Hydralisk x17  
  137  24:42  Hydralisk x2  
  169  24:46  Roach  
  169  24:47  Roach x2  
  159  25:07  Extractor  
  159  25:09  Extractor  
Tags
 
Matchup
TvZ
Opening
Pool First
Replay Pack
Multiplayer
Spawn Locations
Close Positions
Add a new tag
Caveats
  • Supply blocks, unpowered buildings, or Contaminate may cause inaccurate times.
  • Supply counts are checked every 10 seconds.